 Dungeon Crawl Stone Soup version 0.31.0-9-g3a7656b989 (webtiles) character file.

Game seed: 2699001633222157359

2389 Bnni the Toxicologist (level 9, -5/61 HPs)
             Began as an Octopode Alchemist on Jan 25, 2024.
             Was an Initiate of Gozag.
             Slain by a sun demon (8 damage)
             ... summoned by a kobold demonologist
             ... on level 7 of the Dungeon.
             The game lasted 00:09:42 (5541 turns).

Bnni the Toxicologist (Octopode Alchemist)          Turns: 5541, Time: 00:09:43

Health: -5/61      AC:  1    Str:  7    XL:     9   Next: 46%
Magic:  11/17      EV: 13    Int: 21    God:    Gozag
Gold:   522        SH:  6    Dex: 19    Spells: 7/19 levels left

rFire   . . .        i - +0 trident
rCold   . . .        l - +0 buckler
rNeg    . . .        (helmet restricted)
rPois   .            p - amulet of magic regeneration
rElec   .            e - +6 ring of dexterity
rCorr   .            (no ring)
SInv    .            (no ring)
Will    .....        (no ring)
Stlth   +++          (no ring)
HPRegen 0.30/turn    (no ring)
MPRegen 0.55/turn    (no ring)
                     (no ring)

%: no passive effects
@: gold aura
A: almost no armour, amphibious, 8 rings, camouflage 1, gelatinous body 1,
(nimble swimmer 1), tentacles
a: Renounce Religion, Potion Petition, Call Merchant, Bribe Branch


You were on level 7 of the Dungeon.
You worshipped Gozag.
Gozag was pleased with you.
You visited 2 branches of the dungeon, and saw 8 of its levels.

You collected 599 gold pieces.
You paid 77 gold pieces to Gozag.

Inventory:

Hand Weapons
 i - a +0 trident (weapon)
 w - a +1 dagger of venom
Armour
 l - a +0 buckler (worn)
 t - a +0 kite shield
Jewellery
 e - a +6 ring of dexterity (left tentacle)
 p - an amulet of magic regeneration (around mantle)
Wands
 o - a wand of digging (5)
 u - a wand of flame (8)
 y - a wand of mindburst (8)
Scrolls
 b - a scroll of immolation {unknown}
 f - 2 scrolls of vulnerability {unknown}
 h - 4 scrolls of teleportation {unknown}
 j - a scroll of enchant weapon {unknown}
 k - 3 scrolls of silence {unknown}
 m - a scroll of revelation {unknown}
 q - a scroll of noise {unknown}
 r - 2 scrolls of blinking {unknown}
 v - a scroll of poison {unknown}
Potions
 a - a potion of magic
 c - 7 potions of curing
 d - 2 potions of resistance
 g - 2 potions of heal wounds
 n - a potion of mutation
 s - a potion of lignification
 x - a potion of haste {unknown}
 z - a potion of enlightenment {unknown}


   Skills:
 + Level 5.4 Fighting
 - Level 2.0 Dodging
 - Level 2.6 Stealth
 + Level 4.2 Shields
 + Level 5.5 Spellcasting
 - Level 1.0 Conjurations
 * Level 1.7 Fire Magic
 * Level 9.5 Alchemy


You had 7 spell levels left.
You knew the following spells:

 Your Spells              Type           Power      Damage    Failure   Level
a - Sting                 Conj/Alch      100%       1d9       1%          1
c - Mephitic Cloud        Conj/Alch/Air  20%        N/A       12%         3
d - Olgreb's Toxic Radia  Alch           45%        N/A       3%          4
f - Sticky Flame          Fire/Alch      29%        2d7       16%         4

Your spell library contained the following spells:

 Spells                   Type           Power      Damage    Failure   Level
 Mercury Vapours          Alch/Air       50%        N/A       3%          2
 Alistair's Intoxication  Alch           30%        N/A       9%          5
 Kiss of Death            Conj/Necr      28%        2d7       13%         1
 Apportation              Tloc           10%        N/A       16%         1
 Slow                     Hex            20%        N/A       16%         1
 Jinxbite                 Hex            10%        N/A       24%         2
 Confusing Touch          Hex            5%         N/A       43%         3
 Sigil of Binding         Hex            5%         N/A       43%         3
 Vampiric Draining        Necr           5%         2d6       43%         3
 Dispel Undead            Necr           5%         3d7       85%         4


Dungeon Overview and Level Annotations

Branches:
Dungeon (7/15)             Temple (1/1) D:5

Altars:
Ashenzari
Dithmenos
Elyvilon
Fedhas
Gozag
Hepliaklqana
Kikubaaqudgha
Makhleb
Nemelex Xobeh
Qazlal
Ru
Sif Muna
Uskayaw
Vehumet
Wu Jian
Xom
The Shining One


Innate Abilities, Weirdness & Mutations

You cannot wear most types of armour.
You are amphibious.
You can wear up to eight rings at the same time.
Your skin changes colour to match your surroundings (Stealth+).
Your rubbery body absorbs attacks. (AC +1, EV +1)
((You are camouflaged when in or above water. (Stealth+)))
You have tentacles for arms and can constrict up to eight enemies at once.


Message History

Unknown command.
You reach to attack!
You hit the hound but do no damage.
The hound is moderately wounded.
The hound completely misses you.
You miss the hound. You grab the hound.
The hound is severely wounded.
Your toxic aura wanes.
You constrict the hound. The hound barely misses you. The hound bites you.
You hit the hound.
The hound is almost dead.
You constrict the hound.
You kill the hound!
No target in view!
A kobold demonologist comes into view. It is wielding a +0 dagger.
Casting: Olgreb's Toxic Radiance (dangerous; 3% risk of failure)
Confirm with . or Enter, or press ? or * to list all spells.
You begin to radiate toxic energy.
The kobold demonologist is poisoned.
The kobold demonologist looks even sicker.
Unknown command.
The kobold demonologist looks even sicker.
The kobold demonologist mumbles some strange words.
You hit the sun demon but do no damage. You grab the sun demon.
Your toxic aura wanes.
You constrict the sun demon, but do no damage.
The sun demon hits you!!
* * * LOW HITPOINT WARNING * * *
You are engulfed in flames!
* * * LOW HITPOINT WARNING * * *
Okay, then.
Casting: Olgreb's Toxic Radiance (dangerous; 3% risk of failure)
Confirm with . or Enter, or press ? or * to list all spells.
Aiming: Sticky Flame (dangerous; 16% risk of failure)
Press: ? - help, Shift-Dir - straight line, f - kobold demonologist
Aim: a kobold demonologist, wielding a +0 dagger and wearing a +0 robe (moderately wounded, very poisoned)
The sticky flame hits the kobold demonologist!
The kobold demonologist is heavily wounded.
You constrict the sun demon, but do no damage.
The kobold demonologist burns!
The sun demon hits you!
You die...
Your body crumbles into a pile of gold.

#..........##
###.#.###..#.<###
.........#.##...##
..###..#.........# ♣♣
#..###...........### ..
. ...................#
.#................#.###.
.......................
####..........#@K#....
#....$...?.$$3....♣
##.......>.##.......
#......$....[......
#.........###......
#.........# #...!.
#........... .....
##.......#### .....
#)..<...#


You could see a sun demon (summoned) and a kobold demonologist (burning, very
poisoned).

Vanquished Creatures
  Pikel (D:6)
  Maggie (D:6)
  Prince Ribbit (D:6)
  Edmund (D:4)
  An acid dragon (D:7)
  3 ogres
  A centaur (D:7)
  A bullfrog (D:6)
  A gnoll sergeant (D:5)
  2 scorpions
  2 bombardier beetles
  A jelly (D:6)
  3 hounds
  A gnoll bouda (D:5)
  Crazy Yiuf (D:6)
  Jessica (D:3)
  2 iguanas
  3 orc wizards
  7 gnolls (D:5)
  7 adders
  2 dart slugs
  15 orcs
  6 bats
  5 endoplasms
  4 giant cockroaches
  11 goblins
  7 hobgoblins
  8 kobolds
  5 quokkas
  4 ball pythons
  10 frilled lizards
  3 rats
121 creatures vanquished.

Vanquished Creatures (others)
  A sky beast (D:7)
1 creature vanquished.

Grand Total: 122 creatures vanquished

Notes
Turn   | Place    | Note
-------+----------+-------------------------------------------
     0 | D:1      | Bnni the Octopode Alchemist began the quest for the Orb.
     0 | D:1      | Reached XP level 1. HP: 11/11 MP: 3/3
   108 | D:1      | Reached XP level 2. HP: 18/18 MP: 1/5
   177 | D:1      | Found a faded altar of an unknown god.
   400 | D:1      | Reached skill level 1 in Fighting
   542 | D:1      | Reached skill level 4 in Alchemy
   542 | D:1      | Reached XP level 3. HP: 23/23 MP: 4/6
   809 | D:2      | Reached XP level 4. HP: 28/28 MP: 2/7
   813 | D:2      | Learned a level 3 spell: Mephitic Cloud
  1150 | D:2      | Learned a level 4 spell: Olgreb's Toxic Radiance
  1750 | D:3      | Reached skill level 5 in Alchemy
  1750 | D:3      | Reached XP level 5. HP: 34/34 MP: 6/9
  1840 | D:3      | Noticed Jessica
  1845 | D:3      | Killed Jessica
  2206 | D:3      | Found a sacrificial altar of Ru.
  2343 | D:3      | Found a stormy altar of Qazlal.
  2481 | D:4      | Found a glowing golden altar of the Shining One.
  2630 | D:4      | Noticed Edmund
  2658 | D:4      | Killed Edmund
  2659 | D:4      | Reached skill level 6 in Alchemy
  2659 | D:4      | Reached XP level 6. HP: 41/41 MP: 7/11
  2685 | D:4      | Found a hazy altar of Hepliaklqana.
  2710 | D:4      | Found a shadowy altar of Dithmenos.
  3248 | D:5      | Entered Level 5 of the Dungeon
  3490 | D:5      | Found a staircase to the Ecumenical Temple.
  3502 | Temple   | Entered the Ecumenical Temple
  3520 | Temple   | Became a worshipper of Gozag Ym Sagoz the Greedy
  3609 | D:5      | Found a sparkling altar of Nemelex Xobeh.
  3636 | D:5      | Reached XP level 7. HP: 46/46 MP: 7/12
  3667 | D:5      | Found an ornate altar of the Wu Jian Council.
  3686 | D:5      | Reached skill level 1 in Shields
  3698 | D:5      | Reached skill level 7 in Alchemy
  3748 | D:5      | Learned a level 4 spell: Sticky Flame
  3946 | D:5      | Found a burning altar of Makhleb.
  4016 | D:5      | Found a shimmering blue altar of Sif Muna.
  4272 | D:5      | Reached XP level 8. HP: 52/54 MP: 14/14
  4414 | D:6      | Found a blossoming altar of Fedhas.
  4787 | D:6      | Noticed Prince Ribbit
  4799 | D:6      | Killed Prince Ribbit
  4800 | D:6      | Reached skill level 8 in Alchemy
  4929 | D:6      | Noticed Maggie
  4942 | D:6      | Killed Maggie
  4943 | D:6      | Reached skill level 5 in Spellcasting
  4958 | D:6      | Noticed Pikel
  4967 | D:6      | Killed Pikel
  4968 | D:6      | Reached skill level 5 in Fighting
  4968 | D:6      | Reached skill level 9 in Alchemy
  4968 | D:6      | Reached XP level 9. HP: 36/61 MP: 9/17
  5253 | D:6      | Found a runed translucent door.
  5254 | D:6      | Noticed Crazy Yiuf
  5260 | D:6      | Killed Crazy Yiuf
  5322 | D:7      | Reached skill level 1 in Fire Magic
  5537 | D:7      | Noticed a kobold demonologist
  5540 | D:7      | Noticed a sun demon
  5540 | D:7      | HP: 2/61 [sun demon[a kobold demonologist] (15)]
  5541 | D:7      | Slain by a sun demon

Illustrated notes

Levels and vault maps discovered:
D:1:      mainiacjoe_arrival_oval_in_oval, layout_loops_ring,
          ebering_ecumenical_altar_rust
D:2:      layout_loops_ring
D:3:      layout_basic, lemuel_doored_altar, mainiacjoe_overflow_alcove_1,
          uniq_jessica
D:4:      layout_cave_pods, mainiacjoe_overflow_small_starburst,
          nicolae_dithmenos_shadow_blocks, tso_metal_star, uniq_edmund
D:5:      layout_basic, kennysheep_orc_sif_temple, nicolae_wu_jian_wuxing_cycle,
          kennysheep_mini, general_overflow_altar, minmay_temple_entry_offerings
D:6:      layout_loops_ring, lemuel_crystal_altar, minmay_misc_feat_plants,
          uniq_crazy_yiuf_cottage, uniq_maggie, uniq_pikel, uniq_prince_ribbit1
D:7:      layout_rooms, yredelemnul_forgotten_temple_becter,
          hangedman_decor_slide_cut, kb_rosetta
Temple:   hellmonk_temple_of_storms

Skill      XL: |  1  2  3  4  5  6  7  8  9 |
---------------+----------------------------+-----
Fighting       | 1 2 3 5 |  5.4
Alchemy        | 4 5 6 7 9 |  9.5
Spellcasting   | 3 4 5 |  5.5
Shields        | 1 3 4 |  4.2
Fire Magic     | 1 |  1.7
Dodging        | |  2.0
Stealth        | |  2.6
Conjurations   | |  1.0

Action                     |  1- 3 |  4- 6 |  7- 9 || total
---------------------------+-------+-------+-------++-------
  Melee: Unarmed           |    11 |       |       ||    11
         Constrict         |     6 |    10 |    15 ||    31
         Dagger            |    13 |    10 |       ||    23
         Trident           |       |    47 |    51 ||    98
         Tentacles         |       |     6 |    14 ||    20
         Punch             |       |       |     1 ||     1
   Cast: Sting             |    31 |    51 |    13 ||    95
         Olgreb's Toxic Ra |       |     7 |    22 ||    29
         Mephitic Cloud    |       |       |     3 ||     3
         Sticky Flame      |       |       |     3 ||     3
    Use: Scroll            |       |     5 |     1 ||     6
   Stab: Sleeping          |       |    10 |       ||    10
         Distracted        |       |       |     1 ||     1
 Armour: Skin              |    13 |    22 |    23 ||    58
  Dodge: Dodged            |    29 |    35 |    27 ||    91
  Block: Buckler           |       |       |     5 ||     5
